 Dungeon Crawl Stone Soup version 0.28-a0-563-gf77a47075d (webtiles) character file.

Game seed: 15897393224902731095

10323 jasper the Cleaver (level 11, -2/124 HPs)
             Began as a Demonspawn Berserker on Sept 30, 2021.
             Was a Priest of Trog.
             Slain by a skeletal warrior (15 damage)
             ... led by a skeletal warrior
             ... on level 11 of the Dungeon.
             The game lasted 00:18:12 (10440 turns).

jasper the Cleaver (Demonspawn Berserker)          Turns: 10440, Time: 00:18:12

Health: -2/124     AC: 15    Str: 20    XL:     11   Next: 34%
Magic:  11/11      EV:  7    Int:  8    God:    Trog [***...]
Gold:   725        SH:  8    Dex: 20    Spells: 10/10 levels left

rFire   . . .      SeeInvis .   M - +2 war axe
rCold   . . .      Faith    .   k - +2 buckler
rNeg    . . .      Spirit   .   L - +0 plate armour
rPois   .          Reflect  .   (no helmet)
rElec   .          Harm     .   (no cloak)
rCorr   .          Rampage  .   (gloves unavailable)
Will    ++...                   R - +0 pair of boots
Stlth   ..........              (no amulet)
HPRegen 1.30/turn               D - +6 ring of dexterity
MPRegen 0.12/turn               (no ring)

@: berserking, strong-willed, regenerating, very quick
A: claws 3, yellow scales 1, demonic guardian 2
a: Renounce Religion, Berserk, Trog's Hand


You were on level 11 of the Dungeon.
You worshipped Trog.
Trog was most pleased with you.
You visited 1 branch of the dungeon, and saw 11 of its levels.

You collected 725 gold pieces.

Inventory:

Hand Weapons
 a - a +0 hand axe
 d - a +0 hunting sling
 g - a +2 mace of protection
 q - a +0 flail
 r - a +1 war axe
 u - a +2 whip of freezing
 v - a +3 flail of protection
 F - a +4 battleaxe
 M - a +2 war axe (weapon)
 N - a +5 flail
Missiles
 o - 225 stones
 G - 4 javelins
 H - 7 boomerangs (quivered)
Armour
 b - a +0 animal skin
 f - a +2 pair of gloves
 j - a +0 chain mail
 k - a +2 buckler (worn)
 B - a +0 robe of fire resistance
 L - a +0 plate armour (worn)
 R - a +0 pair of boots (worn)
Jewellery
 D - a +6 ring of dexterity (left claw)
 P - an amulet of magic regeneration
Wands
 h - a wand of polymorph (14)
 t - a wand of paralysis (3)
 A - a wand of flame (16)
Scrolls
 c - a scroll of vulnerability
 s - 3 scrolls of noise
 I - a scroll of enchant weapon
 J - a scroll of enchant armour
 Q - a scroll of fog
Potions
 e - 3 potions of brilliance
 i - 2 potions of berserk rage
 l - 6 potions of curing
 m - 3 potions of might
 n - 2 potions of heal wounds
 p - a potion of mutation {unknown}
 w - 2 potions of flight {unknown}
 x - a potion of attraction {unknown}
 z - 2 potions of degeneration {unknown}
 C - 2 potions of lignification {unknown}
 E - 2 potions of magic {unknown}
 K - a potion of resistance {unknown}
 O - a potion of invisibility {unknown}


   Skills:
 + Level 6.5 Fighting
 * Level 13.2 Axes
 + Level 5.5 Armour
 - Level 1.7 Dodging
 - Level 4.1 Shields
 + Level 5.6 Evocations


You had 10 spell levels left.
You didn't know any spells.
Your spell library was empty.

Dungeon Overview and Level Annotations

Branches:
Dungeon (11/15)            Temple (0/1) D:7
   Lair: D:8-11         Orc: D:9-12

Altars:
Cheibriados
Dithmenos
Fedhas
Hepliaklqana
Makhleb
Qazlal
Ru
Sif Muna
Trog
Wu Jian
Zin
The Shining One
Jiyva

Portals:
Ice
Cave: D:11

Annotations:
D:8 3 runed translucent doors, MikuNakano's ghost, novice OpBe


Innate Abilities, Weirdness & Mutations

You have claws for hands.
You are partially covered in yellow scales. (AC +2)
A demonic guardian rushes to your aid.


Message History

You closely miss the white imp.
The white imp is severely wounded.
You slash the skeletal warrior! You closely miss the white imp.
You hit the vampire mosquito. You hit the orc warrior.
You kill the orc warrior!
Trog accepts your kill.
You slash the two-headed ogre!
You kill the two-headed ogre!
Trog accepts your kill. The vampire mosquito bites you.
* * * LOW HITPOINT WARNING * * *
The vampire mosquito draws strength from your injuries!
You block the white imp's attack.
You take 4 damage, and have 11/124 hp.
You slice the white imp!!
You kill the white imp!
Trog accepts your kill.
You miss something. You slash the vampire mosquito!
You closely miss the white imp.
You hit the skeletal warrior but do no damage.
The vampire mosquito bites you but does no damage.
The skeletal warrior hits your howler monkey zombie with a +0 mace!
Your howler monkey zombie is destroyed!
Your howler monkey zombie dissolves into shadows!
The skeletal warrior hits you but does no damage.
Your orange demon stings the vampire mosquito from afar!
Your yak gores the skeletal warrior but does no damage.
You slice the white imp!!
You kill the white imp!
Trog accepts your kill.
You miss something. You slash the vampire mosquito!
You destroy the vampire mosquito!
Trog accepts your kill.
You barely miss the skeletal warrior. You slash the skeletal warrior!
Something hits you but does no damage.
You miss the vampire mosquito. You hit the skeletal warrior. x2
You hit the skeletal warrior but do no damage.
You miss something.
The skeletal warrior hits you with a +0 mace!
You die...

≈≈≈≈≈≈#.........
≈≈≈≈≈≈#.........
≈≈≈≈≈≈#.........
≈≈≈≈≈≈#....)....
≈≈≈≈≈≈#.........
≈≈≈≈≈≈#.<..).?..
≈≈≈≈≈≈#.4.Y.....
≈≈≈≈≈≈#{)z......
#######@zz5.....
...5y5yzzy......
....y55yW.......
....Z.y5........
....K.........>.
.∩.............
.........).....
........$......


You could see 5 skeletal warriors, a wraith, 6 vampire mosquitoes, 6 white imps,
a centaur warrior zombie, a kobold, a friendly orange demon (summoned) and a
friendly yak (summoned).

Vanquished Creatures
  Erica (D:9)
  5 two-headed ogres
  Pikel (D:3)
  A hornet (D:9)
  Grinder (D:5)
  A shadow (D:10)
  5 yaks (D:10)
  A vampire mosquito (D:11)
  2 acid dragons
  Edmund (D:4)
  Duvessa (D:6)
  2 water moccasins
  3 orc warriors
  An ice beast (D:6)
  2 ogres
  4 centaurs
  A phantom (D:6)
  A bullfrog (D:7)
  Dowan (D:6)
  5 scorpions
  A wyvern zombie (D:7)
  A water moccasin skeleton (D:4)
  10 killer bees
  A howler monkey (D:9)
  9 wights (D:8)
  3 centaur zombies
  2 gnoll shamans
  A hound (D:7)
  2 jellies
  An iguana (D:4)
  Ijyb (D:3)
  8 orc wizards
  A hound skeleton (D:5)
  2 howler monkey zombies
  19 gnolls
  A howler monkey skeleton (D:7)
  5 adders
  A shadow imp (D:5)
  7 white imps
  20 orcs
  5 ball pythons
  11 endoplasms
  A giant cockroach (D:4)
  5 goblins
  4 hobgoblins
  4 quokkas
  9 bats
  3 frilled lizards
  4 kobolds
  3 rats (D:2)
185 creatures vanquished.

Vanquished Creatures (collateral kills)
  A two-headed ogre (D:9)
  A water moccasin (D:5)
  2 gnoll sergeants
  A hound (D:7)
  An orc priest (D:11)
  An orc wizard (D:2)
  2 orcs (D:11)
  A bat (D:3)
  A jackal (D:3)
11 creatures vanquished.

Grand Total: 196 creatures vanquished

Notes
Turn   | Place    | Note
-------+----------+-------------------------------------------
     0 | D:1      | jasper the Demonspawn Berserker began the quest for the
                  | Orb.
     0 | D:1      | Reached XP level 1. HP: 18/18 MP: 1/1
    66 | D:1      | Reached skill level 3 in Axes
   262 | D:1      | Gained mutation: You have sharp fingernails. [demonic
                  | ancestry]
   262 | D:1      | Reached XP level 2. HP: 10/24 MP: 2/2
  1092 | D:2      | Gained mutation: A weak demonic guardian rushes to your
                  | aid. [demonic ancestry]
  1092 | D:2      | Reached XP level 3. HP: 18/29 MP: 3/3
  1092 | D:2      | Reached ** piety under Trog
  1093 | D:2      | Reached skill level 4 in Axes
  1317 | D:2      | Reached XP level 4. HP: 34/35 MP: 4/4
  1379 | D:2      | Reached skill level 5 in Axes
  1915 | D:2      | Reached XP level 5. HP: 41/41 MP: 5/5
  2385 | D:3      | Found a faded altar of an unknown god.
  2515 | D:3      | Found a snail-covered altar of Cheibriados.
  2617 | D:3      | Reached skill level 6 in Axes
  2674 | D:3      | Noticed Ijyb
  2682 | D:3      | Killed Ijyb
  2816 | D:3      | Reached XP level 6. HP: 31/47 MP: 6/6
  2924 | D:3      | Found a bloodstained altar of Trog.
  3239 | D:4      | Noticed Edmund
  3249 | D:4      | Noticed Pikel
  3270 | D:3      | Killed Pikel
  3271 | D:3      | Reached skill level 8 in Axes
  3271 | D:3      | Gained mutation: You are partially covered in yellow
                  | scales. (AC +2) [demonic ancestry]
  3271 | D:3      | Reached XP level 7. HP: 46/52 MP: 7/7
  3386 | D:4      | Killed Edmund
  3957 | D:5      | Entered Level 5 of the Dungeon
  3998 | D:5      | Reached skill level 9 in Axes
  3998 | D:5      | Reached XP level 8. HP: 58/58 MP: 8/8
  4486 | D:5      | Found a sacrificial altar of Ru.
  4487 | D:5      | Found a shimmering blue altar of Sif Muna.
  4488 | D:5      | Found a hazy altar of Hepliaklqana.
  4627 | D:5      | Noticed Grinder
  4635 | D:5      | Killed Grinder
  4636 | D:5      | Reached skill level 10 in Axes
  5004 | D:6      | Noticed Duvessa
  5004 | D:6      | Noticed Dowan
  5015 | D:6      | Killed Duvessa
  5024 | D:6      | Killed Dowan
  5160 | D:6      | Reached skill level 11 in Axes
  5284 | D:6      | Reached skill level 1 in Shields
  5284 | D:6      | Gained mutation: You have very sharp fingernails. [demonic
                  | ancestry]
  5284 | D:6      | Reached XP level 9. HP: 23/63 MP: 9/9
  6327 | D:7      | Found a staircase to the Ecumenical Temple.
  6554 | D:7      | Found a large runed translucent door.
  6555 | D:7      | Found a large runed translucent door.
  6856 | D:7      | Reached skill level 1 in Evocations
  7076 | D:7      | Found a stormy altar of Qazlal.
  7092 | D:7      | Found a burning altar of Makhleb.
  7674 | D:8      | Found an ornate altar of the Wu Jian Council.
  7999 | D:8      | Reached *** piety under Trog
  8059 | D:8      | Found a runed translucent gate.
  8059 | D:8      | Found a runed translucent gate.
  8061 | D:8      | Found a runed translucent gate.
  8240 | D:8      | Found a viscous altar of Jiyva.
  8240 | D:8      | Noticed MikuNakano's ghost (novice OpBe)
  8288 | D:9      | Found a blossoming altar of Fedhas.
  8302 | D:9      | Noticed a two-headed ogre
  8316 | D:9      | Killed a two-headed ogre
  8317 | D:9      | Gained mutation: You have claws for hands. [demonic
                  | ancestry]
  8317 | D:9      | Reached XP level 10. HP: 14/73 MP: 10/10
  8662 | D:9      | Noticed a two-headed ogre
  8670 | D:9      | Killed a two-headed ogre
  8671 | D:9      | Reached skill level 5 in Fighting
  8671 | D:9      | Reached skill level 12 in Axes
  9014 | D:9      | Found a shadowy altar of Dithmenos.
  9106 | D:9      | Noticed a boulder beetle
  9106 | D:9      | Noticed a two-headed ogre
  9109 | D:9      | Noticed a skeletal warrior
  9113 | D:9      | Killed a two-headed ogre
  9124 | D:9      | Noticed Erica
  9136 | D:9      | Killed Erica
  9417 | D:10     | Entered Level 10 of the Dungeon
  9686 | D:10     | Noticed a two-headed ogre
  9698 | D:10     | Killed a two-headed ogre
  9699 | D:10     | Reached skill level 5 in Armour
  9707 | D:10     | Gained mutation: A demonic guardian rushes to your aid.
                  | [demonic ancestry]
  9707 | D:10     | Reached XP level 11. HP: 58/81 MP: 11/11
  9709 | D:10     | Reached skill level 5 in Evocations
 10055 | D:10     | Noticed a two-headed ogre
 10064 | D:10     | Killed a two-headed ogre
 10065 | D:10     | Reached skill level 13 in Axes
 10416 | D:11     | Noticed a two-headed ogre
 10416 | D:11     | Noticed a skeletal warrior
 10416 | D:11     | Noticed a skeletal warrior
 10417 | D:11     | Noticed a skeletal warrior
 10418 | D:11     | Noticed a skeletal warrior
 10419 | D:11     | Noticed a skeletal warrior
 10420 | D:11     | Found a frozen archway.
 10437 | D:11     | Killed a two-headed ogre
 10440 | D:11     | Slain by a skeletal warrior

Illustrated notes

Levels and vault maps discovered:
D:1:      eino_arrival_druids_welcome, layout_basic
D:2:      layout_basic, minmay_pentomino_pile
D:3:      minmay_evil_eye, layout_rooms, lemuel_round_altar,
          lemuel_doored_altar, hellmonk_ecumenical_altar_run_dry, uniq_ijyb
D:4:      layout_cave_pools, uniq_pikel, uniq_edmund
D:5:      layout_cave_pods, grunt_temple_overflow_open, serial_glass,
          glass_columns_b, glass_columns_a, uniq_grinder
D:6:      layout_loops_corners, uniq_duvessa
D:7:      layout_basic, tso_metal_star, amcnicky_altar_gilded,
          jmf_multi_god_temple2, minmay_temple_entry_stoned_glass
D:8:      layout_cave_pools, mainiacjoe_overflow_alcove_1, gammafunk_ghost_ooze,
          minmay_curled_crystal
D:9:      minmay_the_grid_3x2 [minmay_the_grid_plusring,
          minmay_the_grid_minigrid_small, minmay_the_grid_tiny_cups,
          minmay_the_grid_broken_lines, minmay_the_grid_paths,
          minmay_the_grid_prize_four_corners_diamond_a], layout_gridville,
          mainiacjoe_overflow_chevrons, nicolae_dithmenos_the_darkroom,
          uniq_erica
D:10:     layout_rooms
D:11:     layout_cross, lair_entry_dummy, orc_0_dummy,
          portal_ice_cave_entry_imps

Skill      XL: |  1  2  3  4  5  6  7  8  9 10 11 |
---------------+----------------------------------+-----
Axes           | 3 4 5 6 8 9 11 12 13 | 13.2
Shields        | 1 4 |  4.1
Armour         | 3 5 |  5.5
Evocations     | 3 4 5 |  5.6
Fighting       | 4 6 |  6.5
Dodging        | |  1.7

Action                   |  1- 3 |  4- 6 |  7- 9 | 10-12 || total
-------------------------+-------+-------+-------+-------++-------
Melee: Hand axe          |    89 |   183 |    41 |       ||   313
       War axe           |       |       |   240 |   137 ||   377
Throw: Boomerang         |       |       |    29 |    26 ||    55
       Stone             |       |       |    12 |       ||    12
Invok: Berserk           |     1 |     7 |    16 |     9 ||    33
       Trog's Hand       |       |     3 |     6 |     6 ||    15
Evoke: Wand              |       |     1 |     4 |     7 ||    12
  Use: Scroll            |       |     7 |     8 |     3 ||    18
       Potion            |       |       |     1 |     3 ||     4
 Stab: Distracted        |       |     1 |     1 |       ||     2
       Paralysed         |       |       |     5 |       ||     5
Armor: Animal skin       |    24 |       |       |       ||    24
       Chain mail        |    19 |   106 |   161 |    22 ||   308
       Plate armour      |       |       |       |    44 ||    44
Dodge: Dodged            |    54 |    39 |    89 |    38 ||   220
Block: Buckler           |     8 |    47 |   105 |    50 ||   210

Table legend: (Time is in decaauts)
 A = Elapsed time spent in this place.
 B = Non-inter-level travel time spent in this place.
 C = Inter-level travel time spent in this place.
 D = Time resting spent in this place.
 E = Time spent auto-exploring this place.
 F = Levels seen in this place.
 G = Mean time per level.
                   A        B        C        D        E       F      G
               +--------+--------+--------+--------+--------+-----+--------+
         Total |  10735 |  10481 |    254 |   1316 |   7378 |  11 |  975.9 |
       Dungeon |  10735 |  10481 |    254 |   1316 |   7378 |  11 |  975.9 |
               +--------+--------+--------+--------+--------+-----+--------+

Top non-repeatable levels by time:
     D:6: 1379 daAuts
     D:2: 1228 daAuts
     D:9: 1184 daAuts
     D:8: 1175 daAuts
     D:3: 1172 daAuts
     D:5: 1049 daAuts
    D:10: 1031 daAuts
     D:1: 945 daAuts
     D:7: 819 daAuts
     D:4: 730 daAuts
    D:11: 20 daAuts
